 Dungeon Crawl Stone Soup version 0.20.0-8-g6b59dc7 (webtiles) character file.

994 Kosschaser the Covert (level 7, 0/37 HPs)
             Began as a Deep Elf Enchanter on June 1, 2017.
             Slain by a jackal (2 damage)
             ... on level 6 of the Dungeon.
             The game lasted 00:34:31 (5597 turns).

Kosschaser the Covert (Deep Elf Enchanter)          Turns: 5597, Time: 00:34:33

Health: 0/37       AC:  3    Str:  5    XL:     7   Next: 99%
Magic:  16/16      EV: 14    Int: 20    God:
Gold:   81         SH:  0    Dex: 17    Spells: 10/16 levels left

rFire    + . .     SeeInvis .   r - +7 short sword of Governance {holy, rF+}
rCold    . . .     Gourm    .   (no shield)
rNeg     + . .     Faith    .   b - +0 robe
rPois    .         Spirit   .   y - +0 helmet
rElec    .         Reflect  .   (no cloak)
rCorr    .         Harm     .   (no gloves)
MR       .....                  (no boots)
Stlth    ++++......             (no amulet)
Regen    0.2/turn               w - ring of positive energy
MPRegen  0.2/turn               (no ring)

@: drained
A: no striking features
a: no special abilities


You were on level 6 of the Dungeon.
You were very hungry.

You visited 1 branch of the dungeon, and saw 9 of its levels.

You collected 265 gold pieces.
You spent 184 gold pieces at shops.

Inventory:

Hand Weapons
 a - a +1 dagger
 r - the +7 short sword of Governance (weapon) {holy, rF+}
   (You bought it in a shop on level 6 of the Dungeon)

   It has been blessed by the Shining One to cause great damage to the undead
   and demons.
   It protects you from fire.
Armour
 b - a +0 robe (worn)
 y - a +0 helmet (worn)
Jewellery
 w - a ring of positive energy (left hand)
Wands
 q - a wand of flame (20/48)
Scrolls
 g - 2 scrolls of recharging
 m - a scroll of immolation
 o - a scroll of remove curse
 p - 4 scrolls of magic mapping {unknown}
 s - 2 scrolls of blinking
 v - 2 scrolls of enchant armour
 A - 2 scrolls of fear {unknown}
Potions
 e - 3 potions of curing
 j - a potion of lignification {unknown}
 l - a potion of degeneration {unknown}
 n - a potion of haste {unknown}
 t - 2 potions of heal wounds {unknown}
 u - a potion of magic {unknown}
 x - a potion of agility {unknown}
Books
 c - a book of Maledictions

   Spells                             Type                      Level
   a - Corona                         Hexes                        1
   b - Ensorcelled Hibernation        Hexes/Ice                    2
   c - Confuse                        Hexes                        3
   d - Tukima's Dance                 Hexes                        3
   e - Dazzling Spray                 Conjuration/Hexes            3
 z - a book of Conjurations

   Spells                             Type                      Level
   a - Magic Dart                     Conjuration                  1
   b - Searing Ray                    Conjuration                  2
   c - Dazzling Spray                 Conjuration/Hexes            3
   d - Fulminant Prism                Conjuration/Hexes            4
   e - Force Lance                    Conjuration/Translocation    4
   f - Iskenderun's Mystic Blast      Conjuration                  4
Comestibles
 d - 2 bread rations
 f - 2 royal jellies
 h - 4 fruits
 i - 2 meat rations


   Skills:
 + Level 0.8(0.7) Fighting
 + Level 2.9(2.7) Short Blades
 * Level 3.9(3.7) Dodging
 + Level 9.2(9.0) Stealth
 + Level 5.0(4.9) Spellcasting
 + Level 5.8(5.7) Hexes
 + Level 2.0(1.8) Ice Magic


You had 10 spell levels left.
You knew the following spells:

 Your Spells              Type           Power        Failure   Level  Hunger
a - Corona                Hex            ####...      1%          1    None
b - Ensorcelled Hibernat  Hex/Ice        ###...       3%          2    #......
c - Confuse               Hex            ####....     3%          3    ##.....


Dungeon Overview and Level Annotations

Branches:
Dungeon (9/15)             Temple (0/1) D:7
   Lair: D:8-11         Orc: D:9-12

Altars:
Makhleb
The Shining One

Shops:
D:6 (

Annotations:
D:3 xash's ghost, amateur VSFi


Message History

The jackal splashes around in the water.
The jackal closely misses you. The jackal bites you.
* * * LOW HITPOINT WARNING * * *
You see here a jackal corpse.
Unknown command.
You barely miss the jackal.
The jackal bites you but does no damage.
The jackal misses you.
The gnoll shouts!
You hit the jackal.
The jackal is heavily wounded.
The jackal barely misses you. The jackal closely misses you.
You closely miss the jackal.
The jackal is heavily wounded.
The jackal bites you.
* * * LOW HITPOINT WARNING * * *
The jackal bites you.
* * * LOW HITPOINT WARNING * * *
The jackal barely misses you. The jackal bites you.
You die...

#######################
.......†......hP@.....#
.......P.....?.hhh....#
≈≈≈≈≈≈≈≈≈≈≈≈≈≈≈≈≈≈....#
≈≈≈≈≈≈≈≈≈≈≈≈≈≈≈≈≈≈....#
≈≈≈≈≈≈≈≈≈≈≈#####≈≈....#
...........#ggg#≈≈....#
############...#≈≈....#
#'###≈≈....# #.
≈≈≈....#


You could see 2 gnolls and 4 jackals.

Vanquished Creatures
  An ice beast (D:5)
  A centaur (D:5)
  A bullfrog (D:8)
  A scorpion (D:4)
  3 killer bees (D:5)
  2 wights (D:6)
  A crimson imp (D:7)
  A bullfrog zombie (D:6)
  2 quasits (D:5)
  A hound (D:3)
  A centaur skeleton (D:6)
  4 iguanas
  4 worker ants
  A worker ant zombie (D:5)
  3 adders
  An ooze (D:2)
  A worm (D:5)
  A dart slug (D:1)
  4 leopard geckos
  2 orcs
  3 giant cockroaches (D:1)
  2 goblins
  6 hobgoblins
  12 jackals
  3 quokkas
  2 ball pythons
  A ball python skeleton (D:4)
  8 bats
  5 frilled lizards
  4 kobolds
  A leopard gecko skeleton (D:4)
  3 rats (D:2)
86 creatures vanquished.

Vanquished Creatures (others)
  A frilled lizard (D:2)
1 creature vanquished.

Grand Total: 87 creatures vanquished

Notes
Turn   | Place    | Note
-------+----------+-------------------------------------------
     0 | D:1      | Kosschaser the Deep Elf Enchanter began the quest for the Orb.
     0 | D:1      | Reached XP level 1. HP: 10/10 MP: 6/6
   400 | D:1      | Reached XP level 2. HP: 8/15 MP: 8/8
   599 | D:1      | Learned a level 2 spell: Ensorcelled Hibernation
   706 | D:1      | Reached skill level 4 in Stealth
  1238 | D:2      | Reached XP level 3. HP: 17/19 MP: 2/9
  1983 | D:2      | Reached XP level 4. HP: 24/24 MP: 11/11
  2313 | D:3      | Found a burning altar of Makhleb.
  2316 | D:3      | Reached skill level 5 in Stealth
  2316 | D:3      | Reached skill level 1 in Ice Magic
  2358 | D:3      | Noticed xash's ghost (amateur VSFi)
  2404 | D:4      | You fall through a shaft for 3 floors!
  2432 | D:7      | Reached XP level 5. HP: 28/28 MP: 7/12
  2713 | D:8      | Learned a level 3 spell: Confuse
  2751 | D:8      | Noticed a necrophage
  2752 | D:8      | Noticed a necrophage
  2770 | D:9      | Noticed a two-headed ogre
  2926 | D:8      | Reached skill level 6 in Stealth
  2926 | D:8      | Reached skill level 5 in Hexes
  2969 | D:8      | Noticed a wyvern
  3453 | D:7      | Found a staircase to the Ecumenical Temple.
  3476 | D:7      | Noticed a centaur
  3559 | D:5      | Entered Level 5 of the Dungeon
  3656 | D:5      | Reached XP level 6. HP: 32/32 MP: 10/14
  3670 | D:5      | Noticed an ice beast
  3694 | D:5      | Killed an ice beast
  3774 | D:4      | Reached skill level 7 in Stealth
  4531 | D:5      | Reached XP level 7. HP: 34/37 MP: 10/15
  4579 | D:5      | Reached skill level 8 in Stealth
  4736 | D:5      | Found a glowing golden altar of the Shining One.
  5167 | D:6      | Found Wemaf's Antique Weapon Emporium.
  5175 | D:6      | Bought a polished short sword for 184 gold pieces
  5175 | D:6      | Identified the +7 short sword of Governance {holy, rF+} (You bought it in a shop on level 6 of the Dungeon)
  5230 | D:6      | Reached skill level 9 in Stealth
  5492 | D:6      | Reached skill level 5 in Spellcasting
  5597 | D:6      | Slain by a jackal

Skill      XL: |  1  2  3  4  5  6  7 |
---------------+----------------------+-----
Stealth        | 4 5 6 7 9 |  9.2
Ice Magic      | 1 2 |  2.0
Dodging        | 3 |  3.9
Hexes          | 5 |  5.8
Spellcasting   | 4 5 |  5.0
Short Blades   | 2 |  2.9
Fighting       | |  0.8

Action                   |  1- 3 |  4- 6 |  7- 9 || total
-------------------------+-------+-------+-------++-------
Melee: Dagger            |   140 |    49 |    20 ||   209
       Short sword       |       |       |    45 ||    45
 Cast: Ensorcelled Hiber |    19 |    12 |     8 ||    39
       Confuse           |       |     2 |     8 ||    10
  Use: Scroll            |       |     2 |     5 ||     7
       Potion            |       |       |     3 ||     3
 Stab: Sleeping          |    23 |    14 |    11 ||    48
       Confused          |       |     3 |     2 ||     5
  Eat: Chunk             |     4 |     3 |     3 ||    10
       Meat ration       |       |     1 |       ||     1
Armor: Robe              |    46 |     2 |    14 ||    62
Dodge: Dodged            |   134 |    27 |    89 ||   250
